 Dungeon Crawl Stone Soup version 0.27-a0-394-g49c82dfaf2 (webtiles) character file.

Game seed: 17538810683486977724

350 dickylongcocking the Chiller (level 6, 0/49 HPs)
             Began as a Demonspawn Ice Elementalist on Feb 21, 2021.
             Slain by Grinder the tormentor (5 damage)
             ... on level 3 of the Dungeon.
             The game lasted 00:03:01 (2737 turns).

dickylongcocking the Chiller (DsIE)                 Turns: 2737, Time: 00:03:02

Health: 0/49       AC:  4    Str:  8    XL:     6   Next: 33%
Magic:  9/9        EV: 12    Int: 18    God:
Gold:   104        SH:  0    Dex: 14    Spells: 2/9 levels left

rFire    . . .     SeeInvis .   f - +0 dagger (elec)
rCold    . . .     Faith    .   (no shield)
rNeg     . . .     Spirit   .   a - +0 robe
rPois    .         Reflect  .   (helmet restricted)
rElec    .         Harm     .   (no cloak)
rCorr    .         Rampage  .   (no gloves)
Will     .....                  (no boots)
Stlth    ++........             (no amulet)
HPRegen  0.16/turn              (no ring)
MPRegen  0.11/turn              (no ring)

@: no status effects
A: antennae 2, rugged brown scales 2
a: no special abilities


You were on level 3 of the Dungeon.
You visited 1 branch of the dungeon, and saw 3 of its levels.

You collected 104 gold pieces.

Inventory:

Hand Weapons
 b - a +0 dagger
 f - a +0 dagger of electrocution (weapon)
Armour
 a - a +0 robe (worn)
Wands
 i - a wand of digging (7)
 n - a wand of polymorph (5)
Scrolls
 h - a scroll of amnesia
Potions
 c - a potion of brilliance {unknown}
 d - a potion of mutation {unknown}
 e - a potion of flight {unknown}
 j - a potion of haste {unknown}
 k - a potion of resistance {unknown}


   Skills:
 * Level 3.0 Fighting
 * Level 2.8 Short Blades
 - Level 1.8 Dodging
 - Level 1.8 Stealth
 - Level 2.0 Spellcasting
 * Level 5.4 Ice Magic


You had 2 spell levels left.
You knew the following spells:

 Your Spells              Type           Power        Failure   Level
a - Freeze                Ice            84%          1%          1
b - Ozocubu's Armour      Ice            21%          6%          3
f - Frozen Ramparts       Ice            42%          6%          3

Your spell library contained the following spells:

 Spells                   Type           Power        Failure   Level
 Hailstorm                Conj/Ice       11%          52%         4
 Summon Ice Beast         Ice/Summ       11%          52%         4


Dungeon Overview and Level Annotations

Branches:
Dungeon (3/15)

Altars:

Annotations:
D:3 Grinder


Innate Abilities, Weirdness & Mutations

You have a pair of antennae on your head.
You are mostly covered in rugged brown scales. (AC +2, +5% HP)


Message History

It was a scroll of noise.
As you read the scroll labelled POAHEG ORO HAO, it crumbles to dust.
It is a scroll of identify.
h - a scroll of amnesia Grinder calls on the powers of darkness!
Your body is wracked with pain!
* * * LOW HITPOINT WARNING * * *
Unknown command.
Unknown command.
Okay, then.
What are your orders? t - Shout!
Orders for allies: a - Attack new target. p - Attack previous target. r - Retreat! s - Stop attacking. g - Guard the area. f - Follow me.
Anything else - Cancel.
Retreat in which direction?
Press: ? - help, Dir - move target, f - you, p - Grinder
Okay, then.
Okay, then.
As you read the scroll labelled SEAGEI FOALA, it crumbles to dust.
You experience a momentary feeling of inescapable doom!
It was a scroll of random uselessness.
Grinder says, "Wait up."
Grinder calls on the powers of darkness!
Your body is wracked with pain!
* * * LOW HITPOINT WARNING * * *
Grinder says, "I used to sell toenails on the black market."
Grinder calls on the powers of darkness!
Your body is wracked with pain!
* * * LOW HITPOINT WARNING * * *
Unknown command.
There is an open door here.
You close the door.
Something unseen opens the door.
Unknown command.
A rat comes into view.
Grinder hits you.
* * * LOW HITPOINT WARNING * * *
You writhe in agony.
You die...

#.#.....#.# #......# #
#.###.#.# #..##### #...#.#.#
######..# # #.....#.#
#....#..##### #....<#.##
#............
#.#......#######......######
#>...................†+.....
########.##......##...####.#
#.##@.....###### #.#
##+##2....... #.#
#............ #.#
#............ #.#
#^.....####.r #.# ##'#####
.. #.# #....# ..# #....#
###.. # #....##..2.# .


You could see Grinder the tormentor and a rat (wandering).

Vanquished Creatures
  Sigmund (D:3)
  A phantom (D:3)
  A howler monkey (D:3)
  3 adders
  A worm (D:2)
  3 dart slugs
  A leopard gecko (D:1)
  A ball python (D:1)
  5 bats
  4 giant cockroaches
  8 goblins
  4 hobgoblins
  2 jackals (D:3)
  A quokka (D:3)
  2 frilled lizards (D:1)
  4 kobolds
  5 rats
47 creatures vanquished.

Notes
Turn   | Place    | Note
-------+----------+-------------------------------------------
     0 | D:1      | dickylongcocking the Demonspawn Ice Elementalist began the
                  | quest for the Orb.
     0 | D:1      | Reached XP level 1. HP: 13/13 MP: 3/3
   160 | D:1      | Reached skill level 4 in Ice Magic
   160 | D:1      | Gained mutation: You are partially covered in rugged brown
                  | scales. (AC +1, +3% HP) [demonic ancestry]
   160 | D:1      | Reached XP level 2. HP: 7/19 MP: 0/5
  1079 | D:2      | Gained mutation: You have a pair of small antennae on your
                  | head. [demonic ancestry]
  1079 | D:2      | Reached XP level 3. HP: 24/24 MP: 3/6
  1453 | D:2      | Reached skill level 1 in Fighting
  1453 | D:2      | Reached skill level 1 in Short Blades
  1457 | D:2      | Learned a level 3 spell: Frozen Ramparts
  2153 | D:3      | Gained mutation: You have a pair of antennae on your head.
                  | [demonic ancestry]
  2153 | D:3      | Reached XP level 4. HP: 31/32 MP: 3/7
  2195 | D:3      | Noticed Sigmund
  2224 | D:3      | Killed Sigmund
  2225 | D:3      | Reached skill level 5 in Ice Magic
  2225 | D:3      | Reached XP level 5. HP: 37/40 MP: 2/8
  2290 | D:3      | Noticed a phantom
  2314 | D:3      | Killed a phantom
  2315 | D:3      | Gained mutation: You are mostly covered in rugged brown
                  | scales. (AC +2, +5% HP) [demonic ancestry]
  2315 | D:3      | Reached XP level 6. HP: 27/49 MP: 5/9
  2319 | D:3      | Learned a level 3 spell: Ozocubu's Armour
  2721 | D:3      | Noticed Grinder
  2722 | D:3      | Paralysed by Grinder for 2 turns
  2724 | D:3      | Noticed Grinder
  2724 | D:3      | Grinder changed into Grinder the tormentor
  2737 | D:3      | Slain by Grinder the tormentor

Illustrated notes

Levels and vault maps discovered:
D:1:      amcnicky_arrival_choice, layout_rooms
D:2:      layout_basic
D:3:      layout_basic, gup_sewer_entry_bowl, doesnt_xom_only_xom, uniq_grinder,
          uniq_jessica, uniq_sigmund

Skill      XL: |  1  2  3  4  5 |
---------------+----------------+-----
Ice Magic      | 4 5 |  5.4
Fighting       | 1 2 3 |  3.0
Short Blades   | 1 2 |  2.8
Dodging        | |  1.8
Stealth        | |  1.8
Spellcasting   | |  2.0

Action                   |  1- 3 |  4- 6 || total
-------------------------+-------+-------++-------
Melee: Dagger            |    49 |    31 ||    80
 Cast: Freeze            |    36 |     4 ||    40
       Frozen Ramparts   |     2 |     4 ||     6
Evoke: Wand              |       |     1 ||     1
  Use: Scroll            |       |     3 ||     3
 Stab: Sleeping          |     2 |     1 ||     3
Armor: Robe              |    18 |     3 ||    21
       Skin              |       |     4 ||     4
Dodge: Dodged            |    47 |    24 ||    71

Table legend: (Time is in decaauts)
 A = Elapsed time spent in this place.
 B = Non-inter-level travel time spent in this place.
 C = Inter-level travel time spent in this place.
 D = Time resting spent in this place.
 E = Time spent auto-exploring this place.
 F = Levels seen in this place.
 G = Mean time per level.
                   A        B        C        D        E       F      G
               +--------+--------+--------+--------+--------+-----+--------+
         Total |   2730 |   2707 |     23 |    725 |   1612 |   3 |  910.0 |
       Dungeon |   2730 |   2707 |     23 |    725 |   1612 |   3 |  910.0 |
               +--------+--------+--------+--------+--------+-----+--------+

Top non-repeatable levels by time:
     D:2: 1073 daAuts
     D:1: 1053 daAuts
     D:3: 604 daAuts
